 Dungeon Crawl Stone Soup version 0.30-a0-777-ga9a30cbeda (webtiles) character file.

Game seed: 17075085774601116432

948 mopl the Gusty (level 7, -2/50 HPs)
             Began as a Yellow Draconian Air Elementalist on Feb 14, 2023.
             Was an Initiate of Vehumet.
             Killed from afar by an orc wizard (8 damage)
             ... with a puff of flame
             ... on level 5 of the Dungeon.
             The game lasted 00:06:24 (3941 turns).

mopl the Gusty (Yellow Draconian Air Elementalist)  Turns: 3941, Time: 00:06:25

Health: -2/50      AC:  6    Str: 10    XL:     7   Next: 89%
Magic:  3/14       EV: 12    Int: 24    God:    Vehumet [......]
Gold:   248        SH:  0    Dex: 17    Spells: 1/16 levels left

rFire   . . .      SeeInvis .    n - +2 spear
rCold   . . .      Faith    .    (no shield)
rNeg    . . .      Spirit   .    (body armour unavailable)
rPois   .          Reflect  .    (helmet restricted)
rElec   .          Harm     .    (no cloak)
rCorr   +          Rampage  .    (no gloves)
Will    .....                    (no boots)
Stlth   ++                       (no amulet)
HPRegen 0.28/turn                r - +6 ring of dexterity
MPRegen 0.14/turn                w - +6 ring of intelligence

@: short of breath
A: spit acid, AC +6, unfitting armour, cold-blooded, acid resistance
a: Breathe Acid, Renounce Religion


You were on level 5 of the Dungeon.
You worshipped Vehumet.
Vehumet was noncommittal.
You visited 2 branches of the dungeon, and saw 6 of its levels.
You also visited: Ossuary.

You collected 248 gold pieces.

Inventory:

Hand Weapons
 d - a +0 dagger
 n - a +2 spear (weapon)
Missiles
 k - 2 javelins
 q - 2 boomerangs
 v - 9 poisoned darts
Jewellery
 r - a +6 ring of dexterity (left hand)
 w - a +6 ring of intelligence (right hand)
Wands
 o - a wand of digging (5)
Scrolls
 c - a scroll of teleportation {unknown}
 f - a scroll of magic mapping {unknown}
 i - a scroll of fear {unknown}
 j - 2 scrolls of enchant weapon {unknown}
 m - 4 scrolls of identify {unknown}
 p - 3 scrolls of fog {unknown}
Potions
 a - 2 potions of magic
 b - 4 potions of haste {unknown}
 e - 3 potions of flight {unknown}
 g - 2 potions of ambrosia {unknown}
 h - 3 potions of heal wounds {unknown}
 l - a potion of resistance {unknown}
 s - 2 potions of cancellation {unknown}
 t - 2 potions of attraction {unknown}
 u - 4 potions of curing {unknown}


   Skills:
 - Level 1.7 Dodging
 - Level 1.7 Stealth
 + Level 5.1 Spellcasting
 + Level 5.3 Conjurations
 + Level 6.0 Air Magic


You had one spell level left.
You knew the following spells:

 Your Spells              Type           Power      Damage    Failure   Level
a - Shock                 Conj/Air       100%       1d9       1%          1
b - Static Discharge      Conj/Air       66%        2-5/arc   1%          2
c - Arcjolt               Conj/Air       16%        1d26      24%         5
f - Airstrike             Air            17%        2d(3-19)  8%          4
n - Swiftness             Air            34%        N/A       2%          3

Your spell library contained the following spells:

 Spells                   Type           Power      Damage    Failure   Level
 Vhi's Electric Charge    Tloc/Air       40%        N/A       8%          3
 Lightning Bolt           Conj/Air       16%        1d30      24%         5


Dungeon Overview and Level Annotations

Branches:
Dungeon (5/15)             Temple (1/1) D:4         Ossuary (visited)

Altars:
Dithmenos
Elyvilon
Makhleb
Nemelex Xobeh
Qazlal
Sif Muna
Trog
Vehumet
The Shining One


Innate Abilities, Weirdness & Mutations

You can spit globs of acid.
Your golden yellow scales are hard. (AC +6)
You cannot fit into any form of body armour.
You are cold-blooded and may be slowed by cold attacks.
You are resistant to acid. (rCorr)


Message History

Confirm with . or Enter, or press ? or * to list all spells.
The orc warrior is struck by an arc of lightning.
The orc warrior is almost dead.
You are struck by an arc of lightning.
The lightning grounds out.
The orc warrior hits you with a +1 long sword of holy wrath!
Casting: Static Discharge (safe; 1% risk of failure)
Confirm with . or Enter, or press ? or * to list all spells.
The orc warrior is struck by an arc of lightning.
The orc warrior is almost dead.
The orc wizard is struck by an arc of lightning.
The orc wizard is severely wounded.
The orc warrior is struck by an arc of lightning.
The orc warrior is almost dead.
You are struck by an arc of lightning.
The lightning grounds out.
The orc wizard gestures wildly while chanting.
The orc wizard flickers and vanishes!
Deactivating autopickup; reactivate with Ctrl-A.
The orc warrior hits you with a +1 long sword of holy wrath!
Unknown command.
Unknown command.
Casting: Static Discharge (safe; 1% risk of failure)
Confirm with . or Enter, or press ? or * to list all spells.
The orc warrior is struck by an arc of lightning.
You kill the orc warrior!
Vehumet accepts your kill.
Something is struck by an arc of lightning.
Your Spellcasting skill increases to level 5!
Your Air Magic skill increases to level 6!
Unknown command.
A magic dart appears from out of thin air!
The magic dart hits you!
* * * LOW HITPOINT WARNING * * *
A puff of flame appears from out of thin air!
The puff of flame hits you but does no damage.
A magic dart appears from out of thin air!
The magic dart hits you!
* * * LOW HITPOINT WARNING * * *
A puff of flame appears from out of thin air!
The puff of flame hits you!
You die...

.~~# #.#..#######
#.#.# #.#..<.....# .
... ..##.....#.#
#.###.##<###.#.#
#.....##.# #.#.# ###
#{....##.# #.#.# ....#
#.######.###.#.#
......#{##.........#.#
#..........@..# ###.#
#......##.###.#####.#
#...........#.......#
#.....###.#.#.#######
#..... #.#.....#
#..... #.###.#.#
....... #.# #.#.#
...##+# #.. #.# . ###
#.# ##


There were no monsters in sight!

Vanquished Creatures
  Eustachio (D:4)
  An orc warrior (D:5)
  3 centaur zombies (Ossuary)
  4 human zombies (Ossuary)
  A jelly (D:4)
  A hound (D:4)
  4 orc priests
  Jessica (D:3)
  4 orc wizards
  2 mummies (Ossuary)
  A gnoll (D:3)
  4 adders
  3 worms
  A dart slug (D:1)
  12 orcs
  6 ball pythons
  9 bats
  11 endoplasms
  7 giant cockroaches
  7 goblins
  3 hobgoblins
  2 jackals (D:4)
  5 quokkas
  A frilled lizard (D:1)
  2 goblin zombies (Ossuary)
  10 hobgoblin zombies (Ossuary)
  A jackal zombie (Ossuary)
  5 kobolds
  10 kobold zombies (Ossuary)
  6 orc zombies (Ossuary)
  5 rats
  3 rat zombies
136 creatures vanquished.

Notes
Turn   | Place    | Note
-------+----------+-------------------------------------------
     0 | D:1      | mopl the Draconian Air Elementalist began the quest for the
                  | Orb.
     0 | D:1      | Reached XP level 1. HP: 14/14 MP: 3/3
   235 | D:1      | Reached XP level 2. HP: 15/20 MP: 1/5
   238 | D:1      | Learned a level 2 spell: Static Discharge
   795 | D:2      | Reached XP level 3. HP: 25/26 MP: 6/6
   816 | D:2      | Reached skill level 2 in Conjurations
  1579 | D:3      | Learned a level 3 spell: Swiftness
  1621 | D:3      | Reached XP level 4. HP: 30/33 MP: 8/8
  1640 | D:3      | Noticed Jessica
  1643 | D:3      | Killed Jessica
  1644 | D:3      | Found a shimmering blue altar of Sif Muna.
  1656 | D:3      | Found a bloodstained altar of Trog.
  1662 | D:3      | Reached skill level 3 in Spellcasting
  1739 | D:3      | Reached skill level 4 in Air Magic
  1817 | D:3      | Reached skill level 3 in Conjurations
  1817 | D:3      | Reached XP level 5. HP: 29/38 MP: 1/9
  2267 | D:4      | Learned a level 4 spell: Airstrike
  2303 | D:4      | Found a sand-covered staircase.
  2337 | D:4      | Reached XP level 6. HP: 45/45 MP: 4/11
  2343 | Ossuary  | Entered an ossuary
  2541 | Ossuary  | Reached skill level 4 in Spellcasting
  2541 | Ossuary  | Reached skill level 4 in Conjurations
  2815 | Ossuary  | Reached skill level 5 in Air Magic
  2853 | Ossuary  | Your scales start taking on a golden yellow colour.
  2853 | Ossuary  | Reached XP level 7. HP: 16/50 MP: 13/13
  2853 | Ossuary  | Gained mutation: You are resistant to acid. (rCorr) [Yellow
                  | Draconian growth]
  3311 | D:4      | Noticed Eustachio
  3325 | D:4      | Killed Eustachio
  3464 | D:4      | Learned a level 5 spell: Arcjolt
  3582 | D:4      | Found a staircase to the Ecumenical Temple.
  3603 | Temple   | Entered the Ecumenical Temple
  3612 | Temple   | Became a worshipper of Vehumet
  3758 | D:4      | Found a white marble altar of Elyvilon.
  3789 | D:5      | Entered Level 5 of the Dungeon
  3813 | D:5      | Reached skill level 5 in Conjurations
  3936 | D:5      | Reached skill level 5 in Spellcasting
  3936 | D:5      | Reached skill level 6 in Air Magic
  3941 | D:5      | Killed from afar by an orc wizard

Illustrated notes

Levels and vault maps discovered:
D:1:      dpeg_arrival_concentric_ovals, layout_basic, serial_aquarium,
          aquarium_bridge_straight [aquarium_subvault_bridge,
          aquarium_subvault_balcony, aquarium_subvault_bridge,
          aquarium_subvault_wall], aquarium_bridge_square
          [aquarium_subvault_wall, aquarium_subvault_window,
          aquarium_subvault_bridge, aquarium_subvault_balcony],
          aquarium_window_fake, aquarium_window_3, aquarium_window_corner,
          aquarium_window_fake, aquarium_view_2a, aquarium_view_2c,
          aquarium_pool_2
D:2:      layout_basic, minmay_bisected
D:3:      layout_rooms, nzn_overflow_gifts_of_might_and_magic, uniq_jessica
D:4:      layout_basic, kennysheep_little_box, minmay_temple_entry_butterflies,
          enter_ossuary_3, uniq_eustachio
D:5:      dreamdust_elfheim, layout_basic, hangedman_feature_mirror,
          serial_bayou_pond_d, serial_bayou_pond_c, uniq_pikel, uniq_ijyb
Temple:   nicolae_temple_ecumenical_triangle

Skill      XL: |  1  2  3  4  5  6  7 |
---------------+----------------------+-----
Conjurations   | 2 3 4 5 |  5.3
Spellcasting   | 3 4 5 |  5.1
Air Magic      | 4 5 6 |  6.0
Dodging        | |  1.7
Stealth        | |  1.7

Action                     |  1- 3 |  4- 6 |  7- 9 || total
---------------------------+-------+-------+-------++-------
  Melee: Unarmed           |    43 |       |       ||    43
         Tailslap          |    12 |    41 |       ||    53
         Dagger            |    51 |       |       ||    51
         Spear             |       |   225 |     8 ||   233
         Punch             |       |     3 |       ||     3
   Cast: Shock             |    70 |    58 |    38 ||   166
         Static Discharge  |       |       |     7 ||     7
Ability: Breathe Acid      |       |       |     4 ||     4
   Stab: Sleeping          |     5 |     5 |       ||    10
         Distracted        |       |     1 |       ||     1
 Armour: Skin              |    36 |    87 |     2 ||   125
  Dodge: Dodged            |    85 |   142 |    10 ||   237

Table legend: (Time is in decaauts)
 A = Elapsed time spent in this place.
 B = Non-inter-level travel time spent in this place.
 C = Inter-level travel time spent in this place.
 D = Time resting spent in this place.
 E = Time spent auto-exploring this place.
 F = Levels seen in this place.
 G = Mean time per level.
                   A        B        C        D        E       F      G
               +--------+--------+--------+--------+--------+-----+--------+
         Total |   3962 |   3880 |     82 |    801 |   1994 |   7 |  566.0 |
       Dungeon |   3257 |   3185 |     72 |    541 |   1909 |   5 |  651.4 |
        Temple |     18 |      9 |      9 |      0 |      0 |   1 |   18.0 |
       Ossuary |    685 |    685 |      0 |    260 |     85 |   1 |  685.0 |
               +--------+--------+--------+--------+--------+-----+--------+

Top non-repeatable levels by time:
     D:4: 843 daAuts
     D:3: 840 daAuts
     D:2: 738 daAuts
 Ossuary: 685 daAuts
     D:1: 683 daAuts
     D:5: 151 daAuts
  Temple: 18 daAuts
